 Dungeon Sprint DCSS version 0.20.1-1-g8b1a95d (webtiles) character file.

2739 KingStallion the Basher (level 9, -16/100 HPs)
             Began as a Gargoyle Berserker on Oct 31, 2017.
             Was a High Priest of Trog.
             Demolished by Dowan
             ... wielding a +0 morningstar of distortion
              (19 damage)
             ... in the Dungeon (Sprint III: "The Ten Rune Challenge").
             The game lasted 00:06:06 (978 turns).

KingStallion the Basher (Gargoyle Berserker)         Turns: 978, Time: 00:06:07

Health: -16/100    AC:  8    Str: 27    XL:     9   Next: 68%
Magic:  3/3        EV: 13    Int:  9    God:    Trog [*****.]
Gold:   46         SH:  0    Dex: 10    Spells: 8/8 levels left

rFire    . . .     SeeInvis .   t - +1 great sword (antimagic)
rCold    . . .     Gourm    .   (shield currently unavailable)
rNeg     + . .     Faith    .   b - +0 animal skin
rPois    ∞         Spirit   .   (no helmet)
rElec    +         Reflect  .   (no cloak)
rCorr    .         Harm     .   (no gloves)
MR       ++...     NoTele   +   (no boots)
Stlth    ..........             (no amulet)
Regen    1.3/turn               (no ring)
MPRegen  0.1/turn               (no ring)

@: berserking (expiring), regenerating, glowing, very quick
A: negative energy resistance 1, electricity resistance, unbreathing,
petrification resistance, rot immunity, AC +5
a: Berserk, Trog's Hand, Brothers in Arms, Burn Spellbooks, Renounce Religion


You were in the Dungeon.
You worshipped Trog.
Trog was extremely pleased with you.
You were very hungry.

You visited 1 branch You collected 46 gold pieces.

Inventory:

Hand Weapons
 a - a +0 mace
 q - a +2 long sword of holy wrath
 s - a +2 scimitar of flaming
 t - a +1 antimagic great sword (weapon)
Armour
 b - a +0 animal skin (worn)
Wands
 k - a wand of paralysis (7/24)
Scrolls
 i - a scroll of blinking
 j - 4 scrolls of remove curse
 m - 2 scrolls of immolation {unknown}
 p - 2 scrolls of identify {unknown}
Potions
 d - 3 potions of curing
 e - a potion of heal wounds
 f - a potion of haste
 g - 2 potions of magic
 h - a potion of berserk rage
 l - 4 potions of mutation {unknown}
 o - 4 potions of flight
Books
 r - a book of Cantrips

   Spells                             Type                      Level
   a - Confusing Touch                Hexes                        1
   b - Animate Skeleton               Necromancy                   1
   c - Summon Small Mammal            Summoning                    1
   d - Apportation                    Translocation                1
   Trog disapproves of the use of such an item.
Miscellaneous
 c - a lamp of fire


   Skills:
 * Level 12.9 Fighting
 + Level 1.3 Long Blades
 * Level 13.7 Maces & Flails
 * Level 7.2 Armour
 + Level 4.5 Dodging
 * Level 7.7 Stealth
 * Level 6.4 Unarmed Combat


You had 8 spell levels left.
You didn't know any spells.

Dungeon Overview and Level Annotations

Branches:
Dungeon (1/1)

Altars:
Cheibriados
Dithmenos
Elyvilon
Fedhas
Gozag
Hepliaklqana
Kikubaaqudgha
Makhleb
Nemelex Xobeh
Okawaru
Qazlal
Ru
Sif Muna
Trog
Uskayaw
Vehumet
Xom
Yredelemnul
Zin
The Shining One
Beogh
Jiyva
Lugonu

Annotations:
D Dowan, Duvessa


Innate Abilities, Weirdness & Mutations

You are resistant to torment.
Your stone body is resilient. (AC +5)
You are immune to poison.
You resist negative energy. (rN+)
You are resistant to electric shocks. (rElec)
You can survive without breathing.
You are immune to petrification.
You are immune to rotting.


Message History

Duvessa barely misses you.
You slash Duvessa!
Duvessa is heavily wounded.
Dowan hits you but does no damage. Space bends around you.
* * * LOW HITPOINT WARNING * * *
Duvessa hits you with an uncursed great sword of freezing!
* * * LOW HITPOINT WARNING * * *
Duvessa freezes you.
* * * LOW HITPOINT WARNING * * *
You slice Dowan!!
Dowan's magic leaks into the air.
Dowan is moderately wounded.
Dowan hits you with a morningstar of distortion.
* * * LOW HITPOINT WARNING * * *
Space bends around you.
* * * LOW HITPOINT WARNING * * *
Duvessa barely misses you.
You barely miss Dowan.
Dowan is moderately wounded.
Dowan hits you but does no damage. Space warps horribly around you!
You die...

#.#≈≈≈#.#(#)..##.#.#.##
'.#§..#.#(#...#.#.#.#.#
#.#§[§#...#...##.#.#.##
▓▓▓▓▓▓▓▓▓▓▓▓▓▓#.#.#.#.#
##.#.#.## +.#.#.#.#
##.#.#.## ##(#####
#.@.+ #.ee# #...# #####


You could see Duvessa and Dowan.

Vanquished Creatures
  Erica (D)
  A centaur warrior (D)
  A deep elf mage (D)
  A shadow (D)
  A spatial vortex (D)
  A necrophage (D)
  2 centaurs (D)
  An earth elemental (D)
  A water elemental (D)
  A jelly (D)
  Jessica (D)
  A necromancer (D)
  A wizard (D)
  3 humans (D)
  A kobold demonologist (D)
  A wolf (D)
  An ooze (D)
  2 rats (D)
22 creatures vanquished.

Vanquished Creatures (others)
  2 draconian scorchers (D)
  6 hellions (D)
  2 yaktaurs (D)
  A plant (D)
11 creatures vanquished.

Grand Total: 33 creatures vanquished

Notes
Turn   | Place    | Note
-------+----------+-------------------------------------------
     0 | D        | KingStallion the Gargoyle Berserker began the quest for the Orb.
     0 | D        | Reached XP level 1. HP: 14/14 MP: 1/1
    20 | D        | Noticed Jessica
    24 | D        | Killed Jessica
    24 | D        | Reached ** piety under Trog
    24 | D        | Reached skill level 5 in Fighting
    24 | D        | Reached skill level 4 in Maces & Flails
    24 | D        | Reached XP level 2. HP: 21/21 MP: 2/2
    24 | D        | Reached XP level 3. HP: 26/26 MP: 3/3
    65 | D        | Killed a hellion
    66 | D        | Killed a hellion
    72 | D        | Reached skill level 5 in Maces & Flails
    75 | D        | Killed a hellion
    76 | D        | Killed a yaktaur
    86 | D        | Reached skill level 1 in Stealth
    86 | D        | Reached skill level 1 in Unarmed Combat
    86 | D        | Reached XP level 4. HP: 24/32 MP: 4/4
   131 | D        | Noticed a water elemental
   131 | D        | Killed a hellion
   136 | D        | Killed a hellion
   136 | D        | Killed a hellion
   137 | D        | Killed a water elemental
   137 | D        | Reached *** piety under Trog
   137 | D        | Reached skill level 6 in Maces & Flails
   137 | D        | Reached XP level 5. HP: 35/37 MP: 5/5
   163 | D        | Killed a white draconian scorcher
   178 | D        | Found a glowing silver altar of Zin.
   180 | D        | Found a glowing golden altar of the Shining One.
   180 | D        | Found a white marble altar of Elyvilon.
   180 | D        | Noticed a deep elf mage
   189 | D        | Killed a deep elf mage
   189 | D        | Reached skill level 9 in Maces & Flails
   189 | D        | Reached XP level 6. HP: 41/48 MP: 6/6
   189 | D        | Reached XP level 7. HP: 45/52 MP: 7/7
   214 | D        | Killed a white draconian scorcher
   306 | D        | Found a shadowy altar of Dithmenos.
   313 | D        | Reached skill level 10 in Fighting
   313 | D        | Reached skill level 10 in Maces & Flails
   313 | D        | Reached skill level 5 in Armour
   313 | D        | Reached skill level 5 in Stealth
   316 | D        | Reached **** piety under Trog
   317 | D        | Found a basalt altar of Yredelemnul.
   317 | D        | Found a sacrificial altar of Ru.
   327 | D        | Killed a yaktaur
   358 | D        | Found a roughly hewn altar of Beogh.
   358 | D        | Found an iron altar of Okawaru.
   358 | D        | Found a bloodstained altar of Trog.
   358 | D        | Found a hide-covered altar of Uskayaw.
   358 | D        | Noticed a human
   361 | D        | Noticed a human
   369 | D        | Killed a human
   375 | D        | Killed a human
   375 | D        | Reached skill level 11 in Maces & Flails
   375 | D        | Reached XP level 8. HP: 48/60 MP: 8/8
   400 | D        | Found a radiant altar of Vehumet.
   402 | D        | Found a deep blue altar of Sif Muna.
   402 | D        | Found an ancient bone altar of Kikubaaqudgha.
   409 | D        | Reached ***** piety under Trog
   449 | D        | Noticed a shadow
   457 | D        | Killed a shadow
   490 | D        | Found a blossoming altar of Fedhas.
   490 | D        | Found a stormy altar of Qazlal.
   490 | D        | Found a snail-covered altar of Cheibriados.
   490 | D        | Found a burning altar of Makhleb.
   490 | D        | Found a shimmering altar of Xom.
   491 | D        | Found a hazy altar of Hepliaklqana.
   491 | D        | Found an opulent altar of Gozag.
   491 | D        | Found a sparkling altar of Nemelex Xobeh.
   491 | D        | Found a corrupted altar of Lugonu.
   491 | D        | Found a viscous altar of Jiyva.
   528 | D        | Noticed Erica
   541 | D        | Killed Erica
   541 | D        | Reached skill level 1 in Long Blades
   541 | D        | Reached skill level 12 in Maces & Flails
   541 | D        | Reached skill level 5 in Unarmed Combat
   541 | D        | Reached XP level 9. HP: 65/65 MP: 9/9
   594 | D        | Noticed a centaur warrior
   605 | D        | Received a gift from Trog
   611 | D        | Reached skill level 13 in Maces & Flails
   615 | D        | Killed a centaur warrior
   966 | D        | Noticed Dowan
   966 | D        | Noticed Duvessa
   977 | D        | HP: 2/100 [Dowan/morningstar of distortion (4)]
   978 | D        | Demolished by Dowan

Skill      XL: |  1  2  3  4  5  6  7  8  9 |
---------------+----------------------------+-----
Fighting       | 5 6 9 11 12 | 12.9
Maces & Flails | 4 5 6 9 11 12 13 | 13.7
Dodging        | 2 3 4 |  4.5
Armour         | 3 4 5 6 7 |  7.2
Stealth        | 1 2 4 5 7 |  7.7
Unarmed Combat | 1 2 3 4 5 6 |  6.4
Long Blades    | 1 |  1.3

Action                   |  1- 3 |  4- 6 |  7- 9 || total
-------------------------+-------+-------+-------++-------
Melee: Mace              |    29 |    10 |    78 ||   117
       Long sword        |       |       |     7 ||     7
       Punch             |       |       |     3 ||     3
       Great sword       |       |       |    15 ||    15
Invok: Berserk           |     1 |     2 |     7 ||    10
       Trog's Hand       |     2 |     2 |    11 ||    15
 Stab: Sleeping          |       |       |     1 ||     1
  Eat: Chunk             |       |     1 |     2 ||     3
       Bread ration      |       |       |     1 ||     1
       Royal jelly       |       |       |     3 ||     3
Armor: Animal skin       |     3 |       |    36 ||    39
Dodge: Dodged            |    21 |     4 |    49 ||    74
       Rpst.: Long sword |       |       |     1 ||     1
